[ AOE2 MATCH · #481204441 ]
UnrankedSicilians vs Aztecs
[ REPLAY ANALYSIS · EXTRACTED FROM THE RECORDED GAME ]
Feudal
10:16
Castle
24:34
Imperial
—
| APM avg | 18.2 |
| APM peak | 56 |
| eAPM avg | 9.6 |
| Villagers / military | 59 / 35 |
Focus
⚔️ 22.2% · 🌾 77.8%
Serjeant ×24 · Skirmisher ×10 · Monk ×1
Feudal
10:41
Castle
18:57
Imperial
—
| APM avg | 34.3 |
| APM peak | 61 |
| eAPM avg | 14.7 |
| Villagers / military | 64 / 25 |
Focus
⚔️ 25.7% · 🌾 74.3%
Archer ×19 · Militia ×4 · Mangonel ×2
Feudal
11:20
Castle
26:03
Imperial
—
| APM avg | 26.7 |
| APM peak | 99 |
| eAPM avg | 11.6 |
| Villagers / military | 49 / 40 |
Focus
⚔️ 28.3% · 🌾 71.7%
Archer ×18 · Eagle Scout ×15 · Skirmisher ×7
Feudal
11:49
Castle
22:41
Imperial
—
| APM avg | 22.1 |
| APM peak | 67 |
| eAPM avg | 9.0 |
| Villagers / military | 77 / 20 |
Focus
⚔️ 11.7% · 🌾 88.3%
Knight ×13 · Scout Cavalry ×6 · Monk ×1
Match map
Initial resources + every placement click. Lines = walls · curves = elevation contours. ◆ gold · ⬟ stone · ● berries · ✦ relic · ◌ wall gap
Your base· Open — unwalled flank
Meepey's base· ✓ Closed at 18:57 · 33t walls · 1 gate(s)
çupra's base· Open — 3t gap
DefHead's base· Open — unwalled flank
Smoothed initial terrain · ◌ = detected wall gap · hover for details
Inputs per minute
— Spy - - Meepey
Build order — Spy
First 150 of 167 actions detected
| 0:03 | Build | House |
| 0:06 | Build | House |
| 0:08 | Create | Villager (Male) |
| 0:08 | Create | Villager (Male) |
| 0:08 | Create | Villager (Male) |
| 0:09 | Create | Villager (Male) |
| 0:09 | Create | Villager (Male) |
| 1:34 | Create | Villager (Male) |
| 1:34 | Create | Villager (Male) |
| 1:55 | Build | Lumber Camp |
| 2:14 | Create | Villager (Male) |
| 2:14 | Create | Villager (Male) |
| 2:56 | Create | Villager (Male) |
| 2:56 | Create | Villager (Male) |
| 3:06 | Create | Villager (Male) |
| 3:06 | Create | Villager (Male) |
| 3:56 | Create | Villager (Male) |
| 3:56 | Create | Villager (Male) |
| 3:56 | Create | Villager (Male) |
| 4:36 | Build | House |
| 4:39 | Create | Villager (Male) |
| 4:39 | Create | Villager (Male) |
| 4:51 | Create | Villager (Male) |
| 4:51 | Create | Villager (Male) |
| 5:05 | Create | Villager (Male) |
| 5:05 | Create | Villager (Male) |
| 5:05 | Create | Villager (Male) |
| 5:40 | Create | Villager (Male) |
| 6:05 | Create | Villager (Male) |
| 6:13 | Build | House |
| 6:18 | Build | House |
| 7:06 | Build | Mill |
| 7:14 | Create | Villager (Male) |
| 8:01 | Research | Feudal Age |
| 8:17 | Build | Mining Camp |
| 8:23 | Research | Loom |
| 8:24 | Create | Villager (Male) |
| 8:24 | Create | Villager (Male) |
| 10:14 | Build | Mill |
| 10:16 | Age | Feudal Age |
| 10:36 | Build | Donjon |
| 10:49 | Research | Horse Collar |
| 11:29 | Create | Serjeant |
| 11:30 | Create | Serjeant |
| 11:30 | Create | Serjeant |
| 11:39 | Build | Farm |
| 12:17 | Create | Villager (Male) |
| 12:17 | Create | Villager (Male) |
| 12:21 | Create | Serjeant |
| 12:28 | Research | Double-Bit Axe |
| 12:38 | Create | Villager (Male) |
| 12:44 | Build | House |
| 12:45 | Build | House |
| 12:50 | Build | Farm |
| 13:14 | Build | Market |
| 13:25 | Create | Serjeant |
| 13:25 | Create | Serjeant |
| 13:26 | Create | Serjeant |
| 13:28 | Create | Villager (Male) |
| 13:28 | Create | Villager (Male) |
| 13:58 | Build | Farm |
| 14:10 | Build | House |
| 14:11 | Build | House |
| 14:12 | Build | House |
| 14:14 | Create | Villager (Male) |
| 14:20 | Build | Farm |
| 14:41 | Create | Villager (Male) |
| 14:43 | Create | Villager (Male) |
| 14:47 | Build | Farm |
| 14:52 | Build | Farm |
| 15:02 | Create | Villager (Male) |
| 15:20 | Create | Villager (Male) |
| 16:15 | Build | Farm |
| 16:18 | Build | Blacksmith |
| 16:28 | Build | Donjon |
| 16:38 | Build | Farm |
| 16:54 | Create | Villager (Male) |
| 16:54 | Create | Villager (Male) |
| 16:55 | Create | Villager (Male) |
| 16:55 | Create | Villager (Male) |
| 17:08 | Build | Farm |
| 17:26 | Build | Farm |
| 17:30 | Create | Villager (Male) |
| 17:31 | Create | Villager (Male) |
| 17:41 | Create | Serjeant |
| 17:41 | Create | Serjeant |
| 17:42 | Create | Serjeant |
| 17:42 | Create | Serjeant |
| 17:42 | Create | Serjeant |
| 17:50 | Build | Farm |
| 17:52 | Create | Villager (Male) |
| 18:07 | Research | Forging |
| 18:16 | Build | Farm |
| 18:40 | Build | Farm |
| 20:04 | Research | Scale Mail Armor |
| 20:10 | Build | Farm |
| 20:11 | Build | Farm |
| 20:12 | Build | Farm |
| 20:13 | Build | Farm |
| 20:14 | Build | Farm |
| 21:19 | Build | Mining Camp |
| 21:22 | Create | Villager (Male) |
| 21:22 | Create | Villager (Male) |
| 21:23 | Create | Villager (Male) |
| 21:28 | Research | Wheelbarrow |
| 21:54 | Research | Castle Age |
| 21:55 | Create | Villager (Male) |
| 21:55 | Create | Villager (Male) |
| 21:56 | Create | Villager (Male) |
| 22:17 | Create | Serjeant |
| 22:18 | Create | Serjeant |
| 24:09 | Research | Wheelbarrow |
| 24:24 | Build | Lumber Camp |
| 24:34 | Build | Farm |
| 24:34 | Age | Castle Age |
| 24:36 | Research | Heavy Plow |
| 24:38 | Research | Bow Saw |
| 24:58 | Build | Lumber Camp |
| 25:03 | Build | Monastery |
| 25:09 | Build | Farm |
| 25:17 | Build | Archery Range |
| 25:19 | Build | Archery Range |
| 25:29 | Build | Farm |
| 25:34 | Research | Chain Mail Armor |
| 25:35 | Research | Iron Casting |
| 25:42 | Create | Monk |
| 25:49 | Create | Villager (Male) |
| 25:49 | Create | Villager (Male) |
| 25:50 | Create | Villager (Male) |
| 26:15 | Create | Villager (Male) |
| 26:38 | Research | Fletching |
| 26:39 | Research | Padded Archer Armor |
| 27:09 | Build | Farm |
| 27:16 | Build | Farm |
| 27:52 | Build | Farm |
| 28:01 | Create | Villager (Male) |
| 28:01 | Create | Villager (Male) |
| 28:15 | Create | Serjeant |
| 28:15 | Create | Serjeant |
| 28:16 | Create | Serjeant |
| 28:16 | Create | Serjeant |
| 28:16 | Create | Serjeant |
| 28:16 | Create | Serjeant |
| 28:16 | Create | Serjeant |
| 28:17 | Create | Serjeant |
| 28:17 | Create | Serjeant |
| 28:17 | Create | Serjeant |
| 28:22 | Research | Elite Skirmisher (upgrade) |
| 28:22 | Create | Skirmisher |
| 28:23 | Create | Skirmisher |
Build order — Meepey
First 150 of 186 actions detected
| 0:03 | Build | House |
| 0:04 | Build | House |
| 0:05 | Create | Villager (Male) |
| 0:06 | Create | Villager (Male) |
| 0:06 | Create | Villager (Male) |
| 0:06 | Create | Villager (Male) |
| 1:29 | Create | Villager (Male) |
| 1:51 | Build | Lumber Camp |
| 1:57 | Create | Villager (Male) |
| 2:23 | Create | Villager (Male) |
| 2:46 | Create | Villager (Male) |
| 3:09 | Create | Villager (Male) |
| 3:24 | Build | House |
| 4:02 | Create | Villager (Male) |
| 4:03 | Create | Villager (Male) |
| 4:33 | Build | Mill |
| 5:00 | Create | Villager (Male) |
| 5:01 | Create | Villager (Male) |
| 5:01 | Create | Villager (Male) |
| 5:15 | Create | Villager (Male) |
| 5:40 | Build | House |
| 5:48 | Build | Mill |
| 6:05 | Create | Villager (Male) |
| 6:06 | Create | Villager (Male) |
| 6:14 | Build | House |
| 7:14 | Create | Villager (Male) |
| 7:14 | Research | Loom |
| 7:36 | Build | Barracks |
| 8:31 | Research | Feudal Age |
| 8:40 | Build | House |
| 9:11 | Create | Militia |
| 9:12 | Create | Militia |
| 9:18 | Build | Palisade Wall |
| 9:25 | Create | Militia |
| 9:26 | Create | Militia |
| 9:31 | Build | Mining Camp |
| 9:36 | Build | Farm |
| 10:28 | Build | Farm |
| 10:36 | Build | Palisade Wall |
| 10:41 | Age | Feudal Age |
| 11:02 | Create | Villager (Male) |
| 11:03 | Create | Villager (Male) |
| 11:08 | Research | Man-at-Arms (upgrade) |
| 11:28 | Build | House |
| 11:31 | Build | Palisade Wall |
| 11:33 | Create | Villager (Male) |
| 11:39 | Build | Farm |
| 11:41 | Build | Farm |
| 11:50 | Create | Villager (Male) |
| 12:31 | Build | House |
| 12:33 | Build | Palisade Wall |
| 12:38 | Build | Blacksmith |
| 12:39 | Create | Villager (Male) |
| 12:40 | Create | Villager (Male) |
| 13:17 | Research | Arson |
| 13:18 | Create | Villager (Male) |
| 13:23 | Build | House |
| 13:26 | Build | Farm |
| 13:47 | Create | Villager (Male) |
| 13:48 | Create | Villager (Male) |
| 13:56 | Build | Palisade Wall |
| 13:57 | Build | Palisade Wall |
| 14:00 | Build | Palisade Wall |
| 14:07 | Build | House |
| 14:08 | Create | Villager (Male) |
| 14:14 | Build | House |
| 14:26 | Build | Farm |
| 15:04 | Build | Market |
| 15:07 | Build | Palisade Wall |
| 15:28 | Build | Palisade Gate |
| 15:38 | Create | Villager (Male) |
| 15:56 | Build | Farm |
| 16:01 | Build | Palisade Wall |
| 16:11 | Build | Archery Range |
| 16:16 | Build | House |
| 16:17 | Research | Castle Age |
| 16:21 | Build | Palisade Wall |
| 16:24 | Build | House |
| 16:41 | Build | House |
| 17:28 | Build | Farm |
| 17:42 | Build | Lumber Camp |
| 17:44 | Build | Palisade Wall |
| 17:53 | Create | Archer |
| 17:54 | Create | Archer |
| 18:09 | Research | Double-Bit Axe |
| 18:15 | Build | Palisade Wall |
| 18:18 | Build | Palisade Wall |
| 18:31 | Research | Fletching |
| 18:54 | Build | Archery Range |
| 18:57 | Age | Castle Age |
| 19:16 | Create | Archer |
| 19:17 | Create | Archer |
| 19:51 | Build | House |
| 19:52 | Create | Villager (Male) |
| 19:52 | Create | Villager (Male) |
| 19:53 | Create | Archer |
| 20:04 | Build | Mining Camp |
| 20:50 | Create | Archer |
| 21:12 | Create | Villager (Male) |
| 21:13 | Create | Villager (Male) |
| 21:13 | Create | Villager (Male) |
| 21:13 | Create | Villager (Male) |
| 21:40 | Build | Mining Camp |
| 21:52 | Create | Archer |
| 21:54 | Create | Archer |
| 22:13 | Create | Villager (Male) |
| 22:16 | Build | Farm |
| 22:45 | Build | Town Center |
| 23:19 | Research | Padded Archer Armor |
| 23:23 | Build | Farm |
| 23:24 | Build | Farm |
| 23:24 | Build | Farm |
| 23:24 | Build | Farm |
| 23:24 | Build | Farm |
| 23:56 | Create | Archer |
| 23:56 | Create | Archer |
| 23:57 | Create | Archer |
| 23:57 | Create | Archer |
| 24:16 | Build | Farm |
| 24:19 | Build | Farm |
| 24:21 | Build | Farm |
| 24:23 | Create | Villager (Male) |
| 24:23 | Create | Villager (Male) |
| 24:23 | Create | Villager (Male) |
| 25:13 | Research | Crossbowman (upgrade) |
| 25:23 | Create | Villager (Male) |
| 25:23 | Create | Villager (Male) |
| 25:36 | Build | Siege Workshop |
| 25:50 | Build | House |
| 25:55 | Research | Bodkin Arrow |
| 26:02 | Build | Farm |
| 26:04 | Build | Farm |
| 26:05 | Create | Villager (Male) |
| 26:20 | Build | Siege Workshop |
| 26:33 | Create | Archer |
| 26:48 | Build | Farm |
| 26:51 | Create | Villager (Male) |
| 26:51 | Create | Villager (Male) |
| 26:52 | Create | Villager (Male) |
| 26:52 | Create | Villager (Male) |
| 27:44 | Build | Farm |
| 28:06 | Create | Villager (Male) |
| 28:11 | Build | House |
| 28:24 | Build | Castle |
| 28:25 | Create | Mangonel |
| 28:27 | Create | Villager (Male) |
| 28:27 | Create | Villager (Male) |
| 28:28 | Create | Villager (Male) |
| 28:28 | Create | Villager (Male) |
| 28:28 | Create | Villager (Male) |
Build order — çupra
143 actions detected in the replay
| 0:01 | Create | Villager (Male) |
| 0:01 | Create | Villager (Male) |
| 0:01 | Create | Villager (Male) |
| 0:02 | Create | Villager (Male) |
| 0:02 | Create | Villager (Male) |
| 0:06 | Build | House |
| 0:09 | Build | House |
| 1:30 | Create | Villager (Male) |
| 1:30 | Create | Villager (Male) |
| 2:15 | Build | Lumber Camp |
| 2:38 | Create | Villager (Male) |
| 2:38 | Create | Villager (Male) |
| 2:38 | Create | Villager (Male) |
| 2:59 | Create | Villager (Male) |
| 2:59 | Create | Villager (Male) |
| 3:00 | Create | Villager (Male) |
| 4:01 | Research | Loom |
| 4:01 | Create | Villager (Male) |
| 4:01 | Create | Villager (Male) |
| 4:47 | Build | House |
| 5:10 | Build | Mill |
| 5:47 | Create | Villager (Male) |
| 5:47 | Create | Villager (Male) |
| 5:47 | Create | Villager (Male) |
| 6:04 | Create | Villager (Male) |
| 7:16 | Create | Villager (Male) |
| 7:17 | Create | Villager (Male) |
| 7:44 | Create | Villager (Male) |
| 9:10 | Research | Feudal Age |
| 9:10 | Research | Feudal Age |
| 9:28 | Build | Barracks |
| 10:18 | Build | House |
| 10:26 | Build | Palisade Wall |
| 11:14 | Build | Mining Camp |
| 11:20 | Age | Feudal Age |
| 11:27 | Build | Archery Range |
| 11:34 | Create | Villager (Male) |
| 11:34 | Create | Villager (Male) |
| 11:34 | Create | Villager (Male) |
| 11:34 | Create | Villager (Male) |
| 11:38 | Create | Villager (Male) |
| 12:45 | Create | Archer |
| 12:45 | Create | Archer |
| 12:45 | Create | Archer |
| 12:45 | Create | Archer |
| 12:57 | Build | Farm |
| 14:04 | Build | House |
| 14:17 | Build | Watch Tower |
| 14:52 | Build | House |
| 15:12 | Build | Farm |
| 15:16 | Build | Farm |
| 15:23 | Build | Farm |
| 16:27 | Create | Villager (Male) |
| 16:28 | Create | Villager (Male) |
| 16:30 | Create | Villager (Male) |
| 16:36 | Research | Loom |
| 16:48 | Build | Lumber Camp |
| 16:59 | Create | Archer |
| 16:59 | Create | Archer |
| 17:00 | Create | Archer |
| 17:39 | Create | Eagle Scout |
| 17:39 | Create | Eagle Scout |
| 18:32 | Create | Villager (Male) |
| 18:32 | Create | Villager (Male) |
| 18:34 | Create | Villager (Male) |
| 18:56 | Build | Farm |
| 19:00 | Build | Farm |
| 19:07 | Build | Farm |
| 19:44 | Create | Villager (Male) |
| 19:44 | Create | Villager (Male) |
| 19:52 | Build | House |
| 19:58 | Create | Villager (Male) |
| 20:00 | Create | Villager (Male) |
| 20:14 | Create | Eagle Scout |
| 20:14 | Create | Eagle Scout |
| 20:29 | Build | Farm |
| 20:36 | Build | House |
| 21:53 | Build | Market |
| 22:00 | Create | Archer |
| 22:00 | Create | Archer |
| 22:01 | Create | Archer |
| 22:09 | Create | Archer |
| 22:09 | Create | Archer |
| 22:31 | Create | Archer |
| 23:04 | Build | House |
| 23:05 | Build | House |
| 23:07 | Build | House |
| 23:09 | Build | House |
| 23:12 | Create | Villager (Male) |
| 23:12 | Create | Villager (Male) |
| 23:12 | Create | Villager (Male) |
| 23:20 | Research | Castle Age |
| 23:38 | Create | Eagle Scout |
| 23:43 | Create | Archer |
| 23:44 | Create | Archer |
| 24:04 | Build | House |
| 24:06 | Build | House |
| 24:07 | Build | House |
| 24:09 | Build | House |
| 24:41 | Build | Watch Tower |
| 25:27 | Create | Archer |
| 25:27 | Create | Archer |
| 25:31 | Create | Skirmisher |
| 25:31 | Create | Skirmisher |
| 25:32 | Create | Skirmisher |
| 25:34 | Create | Skirmisher |
| 25:45 | Create | Archer |
| 25:47 | Create | Eagle Scout |
| 25:47 | Create | Eagle Scout |
| 25:48 | Create | Eagle Scout |
| 25:55 | Build | House |
| 25:56 | Build | House |
| 25:57 | Build | House |
| 25:58 | Build | House |
| 25:59 | Build | House |
| 26:00 | Build | House |
| 26:03 | Age | Castle Age |
| 26:05 | Create | Villager (Male) |
| 26:05 | Create | Villager (Male) |
| 26:19 | Research | Double-Bit Axe |
| 26:27 | Create | Villager (Male) |
| 27:06 | Build | Farm |
| 27:26 | Build | Mining Camp |
| 27:33 | Build | Farm |
| 27:39 | Research | Crossbowman (upgrade) |
| 28:10 | Create | Eagle Scout |
| 28:10 | Create | Eagle Scout |
| 28:10 | Create | Eagle Scout |
| 28:23 | Create | Eagle Scout |
| 28:26 | Create | Villager (Male) |
| 28:27 | Create | Villager (Male) |
| 28:27 | Create | Villager (Male) |
| 28:27 | Create | Villager (Male) |
| 28:46 | Research | Elite Skirmisher (upgrade) |
| 28:49 | Create | Skirmisher |
| 28:49 | Create | Skirmisher |
| 28:50 | Create | Skirmisher |
| 29:02 | Create | Eagle Scout |
| 29:16 | Build | Farm |
| 29:27 | Create | Villager (Male) |
| 29:28 | Create | Villager (Male) |
| 30:25 | Create | Eagle Scout |
| 30:25 | Create | Eagle Scout |
Build order — DefHead
First 150 of 159 actions detected
| 0:07 | Build | House |
| 0:08 | Build | House |
| 0:18 | Create | Villager (Male) |
| 0:19 | Create | Villager (Male) |
| 0:19 | Create | Villager (Male) |
| 0:58 | Create | Villager (Male) |
| 0:59 | Create | Villager (Male) |
| 1:43 | Create | Villager (Male) |
| 2:33 | Create | Villager (Male) |
| 2:33 | Create | Villager (Male) |
| 2:56 | Create | Villager (Male) |
| 3:55 | Create | Villager (Male) |
| 4:16 | Create | Villager (Male) |
| 4:20 | Create | Villager (Male) |
| 4:20 | Create | Villager (Male) |
| 5:38 | Create | Villager (Male) |
| 5:38 | Create | Villager (Male) |
| 5:39 | Create | Villager (Male) |
| 5:54 | Build | Lumber Camp |
| 5:59 | Create | Villager (Male) |
| 6:11 | Build | House |
| 7:21 | Create | Villager (Male) |
| 7:22 | Create | Villager (Male) |
| 7:27 | Build | House |
| 8:08 | Create | Villager (Male) |
| 8:42 | Create | Villager (Male) |
| 8:42 | Create | Villager (Male) |
| 8:58 | Build | Mill |
| 9:28 | Build | Barracks |
| 9:39 | Research | Feudal Age |
| 9:44 | Build | House |
| 10:17 | Build | Mining Camp |
| 11:00 | Build | Farm |
| 11:02 | Build | Farm |
| 11:06 | Build | Farm |
| 11:49 | Age | Feudal Age |
| 12:17 | Build | Stable |
| 12:23 | Create | Villager (Male) |
| 12:23 | Create | Villager (Male) |
| 12:46 | Research | Double-Bit Axe |
| 12:53 | Create | Villager (Male) |
| 13:12 | Create | Scout Cavalry |
| 13:12 | Create | Scout Cavalry |
| 13:12 | Create | Scout Cavalry |
| 13:12 | Create | Scout Cavalry |
| 13:15 | Create | Scout Cavalry |
| 13:23 | Build | Farm |
| 13:25 | Build | Farm |
| 13:35 | Create | Villager (Male) |
| 13:51 | Build | House |
| 13:52 | Build | House |
| 13:59 | Build | Farm |
| 14:00 | Build | Farm |
| 14:08 | Create | Villager (Male) |
| 14:10 | Create | Villager (Male) |
| 14:26 | Create | Scout Cavalry |
| 14:51 | Build | Blacksmith |
| 15:01 | Create | Villager (Male) |
| 15:02 | Create | Villager (Male) |
| 15:08 | Build | Farm |
| 15:22 | Build | Farm |
| 15:24 | Build | Farm |
| 15:25 | Build | Farm |
| 19:44 | Build | Farm |
| 19:46 | Build | Farm |
| 19:47 | Build | Farm |
| 19:51 | Build | Mining Camp |
| 20:01 | Research | Castle Age |
| 21:14 | Build | Farm |
| 21:15 | Build | Farm |
| 22:41 | Age | Castle Age |
| 22:44 | Build | Town Center |
| 22:48 | Create | Knight |
| 22:49 | Create | Knight |
| 22:49 | Create | Knight |
| 22:49 | Create | Knight |
| 22:57 | Create | Knight |
| 23:05 | Create | Villager (Male) |
| 23:05 | Create | Villager (Male) |
| 23:05 | Create | Villager (Male) |
| 23:07 | Research | Bow Saw |
| 23:10 | Create | Villager (Male) |
| 23:10 | Create | Villager (Male) |
| 23:30 | Build | Mining Camp |
| 23:44 | Create | Villager (Male) |
| 23:44 | Create | Villager (Male) |
| 23:45 | Create | Villager (Male) |
| 23:48 | Create | Villager (Male) |
| 23:49 | Create | Villager (Male) |
| 23:50 | Create | Villager (Male) |
| 23:51 | Create | Villager (Male) |
| 23:51 | Create | Villager (Male) |
| 24:01 | Build | Town Center |
| 24:13 | Create | Villager (Male) |
| 24:13 | Create | Villager (Male) |
| 24:15 | Create | Villager (Male) |
| 24:29 | Create | Knight |
| 24:33 | Research | Scale Barding Armor |
| 24:34 | Research | Forging |
| 24:45 | Build | Farm |
| 24:50 | Build | Farm |
| 24:53 | Build | Lumber Camp |
| 24:57 | Create | Villager (Male) |
| 24:57 | Create | Villager (Male) |
| 25:02 | Create | Villager (Male) |
| 25:02 | Create | Villager (Male) |
| 25:21 | Build | House |
| 25:22 | Build | House |
| 25:24 | Build | House |
| 25:31 | Create | Villager (Male) |
| 25:31 | Create | Villager (Male) |
| 25:42 | Build | Farm |
| 25:53 | Research | Horse Collar |
| 26:01 | Create | Knight |
| 26:17 | Create | Knight |
| 27:06 | Create | Villager (Male) |
| 27:06 | Create | Villager (Male) |
| 27:22 | Create | Villager (Male) |
| 27:31 | Create | Villager (Male) |
| 27:31 | Create | Villager (Male) |
| 27:32 | Create | Villager (Male) |
| 27:32 | Create | Villager (Male) |
| 27:37 | Create | Villager (Male) |
| 27:37 | Create | Villager (Male) |
| 27:40 | Build | Farm |
| 27:41 | Build | Farm |
| 27:43 | Build | Farm |
| 27:45 | Create | Villager (Male) |
| 27:46 | Create | Villager (Male) |
| 27:50 | Create | Villager (Male) |
| 27:53 | Create | Villager (Male) |
| 28:21 | Build | Castle |
| 28:45 | Build | Monastery |
| 28:52 | Build | House |
| 28:53 | Build | House |
| 28:55 | Build | House |
| 28:58 | Build | House |
| 28:59 | Build | House |
| 29:00 | Build | House |
| 29:22 | Create | Villager (Male) |
| 29:23 | Create | Villager (Male) |
| 29:23 | Create | Villager (Male) |
| 29:28 | Research | Chain Barding Armor |
| 29:42 | Create | Knight |
| 29:42 | Create | Knight |
| 29:58 | Create | Villager (Male) |
| 29:58 | Create | Villager (Male) |
| 30:04 | Build | Farm |
| 30:13 | Create | Monk |
| 31:41 | Create | Knight |
Match timeline
| 7:36 | Meepey · first_building Barracks |
| 9:18 | Meepey · wall_segment Palisade Wall x3 |
| 9:28 | çupra · first_building Barracks |
| 9:28 | DefHead · first_building Barracks |
| 10:16 | Spy · age_up feudal |
| 10:26 | çupra · wall_segment Palisade Wall x4 |
| 10:36 | Spy · first_building Donjon |
| 10:36 | Meepey · wall_segment Palisade Wall x8 |
| 10:41 | Meepey · age_up feudal |
| 11:20 | çupra · age_up feudal |
| 11:27 | çupra · first_building Archery Range |
| 11:31 | Meepey · wall_segment Palisade Wall x1 |
| 11:49 | DefHead · age_up feudal |
| 12:17 | DefHead · first_building Stable |
| 12:33 | Meepey · wall_segment Palisade Wall x3 |
| 13:56 | Meepey · wall_segment Palisade Wall x1 |
| 13:57 | Meepey · wall_segment Palisade Wall x3 |
| 14:00 | Meepey · wall_segment Palisade Wall x2 |
| 14:28 | Spy · first_market_buy 100 stone |
| 15:07 | Meepey · wall_segment Palisade Wall x1 |
| 16:01 | Meepey · wall_segment Palisade Wall x6 |
| 16:11 | Meepey · first_building Archery Range |
| 16:21 | Meepey · wall_segment Palisade Wall x2 |
| 17:35 | Meepey · first_market_sell 100 food |
| 17:39 | Meepey · first_market_buy 100 wood |
| 17:44 | Meepey · wall_segment Palisade Wall x2 |
| 18:15 | Meepey · wall_segment Palisade Wall x1 |
| 18:18 | Meepey · wall_segment Palisade Wall x1 |
| 18:57 | Meepey · age_up castle |
| 22:41 | DefHead · age_up castle |
| 23:15 | çupra · first_market_sell 100 food |
| 24:33 | çupra · first_market_buy 100 stone |
| 24:34 | Spy · age_up castle |
| 25:03 | Spy · first_building Monastery |
| 25:17 | Spy · first_building Archery Range |
| 25:36 | Meepey · first_building Siege Workshop |
| 26:03 | çupra · age_up castle |
| 28:21 | DefHead · first_building Castle |
| 28:24 | Meepey · first_building Castle |
| 28:36 | Meepey · first_building Monastery |
| 28:45 | DefHead · first_building Monastery |
| 32:05 | çupra · resign |
[ AI ANALYSIS · 1 CREDIT ]
What really happened in this match?
Wolo.gg analyzes every decision: build order, eco, micro, common mistakes by bracket. Personalized analysis on WhatsApp or Discord in 30 seconds.
Civ guide
Sicilians
Perfil
Jugador #20137331